 Dungeon Crawl Stone Soup version 0.31-a0-460-g9e667d4245 (webtiles) character file.

Game seed: 13158245101819408612

1227 Midn8 the Skirmisher (level 8, -12/45 HPs)
             Began as a Deep Elf Shapeshifter on Aug 5, 2023.
             Was a Believer of Ashenzari.
             Mangled by an ice beast (13 damage)
             ... on level 6 of the Dungeon.
             The game lasted 00:16:58 (5858 turns).

Midn8 the Skirmisher (Deep Elf Shapeshifter)        Turns: 5858, Time: 00:16:59

Health: -12/45     AC:  5    Str: 12    XL:     8   Next: 23%
Magic:  10/10      EV: 12    Int: 14    God:    Ashenzari [**....]
Gold:   365        SH:  0    Dex: 17    Spells: 7/7 levels left

rFire   . . .        o - +0 sling "Scepticism of Ashenzari" {Alch, Dev} (curse)
rCold   . . .        (no shield)
rNeg    . . .        l - +0 ring mail
rPois   +            p - melded +0 helmet
rElec   .            x - melded scarf {repulsion}
rCorr   .            n - melded +0 pair of gloves
SInv    +            (boots currently unavailable)
Will    .....        e - amulet of Apeoromancy {Acrobat, Self, Elem} (curse)
Stlth   ++           g - ring of Ashenzari's Secrets {Wiz, Melee, Comp} (curse)
HPRegen 0.27/turn    u - ring of poison resistance
MPRegen 0.12/turn

%: acrobat, wizardry (x1)
@: beast-form
A: beast (slay +4), MP-powered wands
a: Begin Untransformation, Renounce Religion, Shatter the Chains


You were on level 6 of the Dungeon.
You worshipped Ashenzari.
Ashenzari was pleased with you.
You were a hulking beast.
You visited 1 branch of the dungeon, and saw 6 of its levels.

You collected 365 gold pieces.

Inventory:

Hand Weapons
 f - a +0 orcbow
 o - the cursed +0 sling "Scepticism of Ashenzari" (weapon) {Alch, Dev}
   (You took it off a goblin on level 2 of the Dungeon)

   It has a curse which improves the following skills: Alchemy: Poison Magic and
   Transmutations.
   Devices:   Evocations and Shapeshifting.
Armour
 a - a +0 animal skin
 l - a +0 ring mail (worn)
 n - a +0 pair of gloves (melded)
 p - a +0 helmet (melded)
 x - a scarf of repulsion (melded)
Jewellery
 e - the cursed amulet of Apeoromancy (around neck) {Acrobat, Self, Elem}
   (You found it on level 1 of the Dungeon)

   [amulet of the acrobat]

   It increases your evasion while moving and waiting.
   It has a curse which improves the following skills: Introspection: Fighting
   and Spellcasting.
   Elements:  Fire Magic, Ice Magic, Air Magic and Earth Magic.
 g - the cursed ring of Ashenzari's Secrets (left hand) {Wiz, Melee, Comp}
   (You found it on level 1 of the Dungeon)

   [ring of wizardry]

   It improves your spell success rate.
   It has a curse which improves the following skills: Melee Combat: Short
   Blades, Long Blades, Axes, Maces & Flails, Polearms, Staves and Unarmed
   Combat.
   Companions: Summonings and Necromancy.
 r - a ring of resist corrosion
 u - a ring of poison resistance (right hand)
Talismans
 c - a beast talisman (active)
Wands
 t - a wand of flame (13)
Scrolls
 b - a scroll of fog
 d - 2 scrolls of enchant armour
 i - 2 scrolls of poison
 q - a scroll of revelation
 s - 2 scrolls of teleportation
 w - a scroll of summoning
Potions
 h - a potion of enlightenment
 j - a potion of curing
 k - a potion of mutation
 m - 2 potions of attraction
 v - a potion of lignification
 z - 2 potions of brilliance


   Skills:
 - Level 2.0(2.9) Fighting
 + Level 9.7 Ranged Weapons
 - Level 5.0 Dodging
 - Level 3.0 Stealth
 - Level 2.4(3.3) Unarmed Combat
 - Level 4.9(6.0) Shapeshifting


You had 7 spell levels left.
You didn't know any spells.
Your spell library contained the following spells:

 Spells                   Type           Power      Damage    Failure   Level
 Foxfire                  Conj/Fire      0%         2x1d4     26%         1
 Freeze                   Ice            0%         1d3       26%         1
 Kiss of Death            Conj/Necr      0%         2d5       26%         1
 Necrotise                Necr           0%         1d4       26%         1
 Frozen Ramparts          Ice            0%         1d1       56%         3
 Hailstorm                Conj/Ice       0%         3d3       56%         3
 Stone Arrow              Conj/Erth      0%         3d7       56%         3
 Vampiric Draining        Necr           0%         2d6       56%         3
 Confusing Touch          Hex            0%         N/A       58%         3
 Animate Armour           Summ/Erth      0%         N/A       91%         4
 Dispel Undead            Necr           0%         3d6       91%         4
 Agony                    Necr           0%         N/A       99%         5
 Plasma Beam              Fire/Air       0%         2x1d10    100%        6
 Starburst                Conj/Fire      0%         6d3       100%        6
 Lehudib's Crystal Spear  Conj/Erth      0%         10d2      100%        8


Dungeon Overview and Level Annotations

Branches:
Dungeon (6/15)             Temple (0/1) D:4

Altars:
Ashenzari
Trog
Xom
Yredelemnul

Shops:
D:4 =

Annotations:
D:3 1 runed translucent door
D:4 Pikel
D:6 1 runed translucent door


Innate Abilities, Weirdness & Mutations

You are a hulking beast.
Your limbs bulge with bestial killing power. (Slay +4)
You expend magic power (3 MP) to strengthen your wands.


Message History

The ice beast is moderately wounded.
The ice beast completely misses you.
You shoot a sling bullet.
The sling bullet hits the ice beast but does no damage.
The ice beast is moderately wounded.
The ice beast hits you but does no damage.
You shoot a sling bullet. The sling bullet hits the ice beast!
The ice beast is severely wounded.
The ice beast hits you but does no damage.
You shoot a sling bullet.
The sling bullet hits the ice beast but does no damage.
The ice beast is severely wounded.
The ice beast barely misses you.
You shoot a sling bullet.
The sling bullet completely misses the ice beast.
The ice beast hits you. The ice beast freezes you!
You are too injured to fight recklessly!
Fire: o) +0 sling "Scepticism of Ashenzari" {Alch, Dev} (curse)
Press: ? - help, Q - select action, (/) - cycle Shift-Dir - straight line, f/p - ice beast
Aim: an ice beast (severely wounded, 68% to hit)
You shoot a sling bullet.
The sling bullet barely misses the ice beast.
The ice beast closely misses you.
The ice beast hits you but does no damage.
Fire: o) +0 sling "Scepticism of Ashenzari" {Alch, Dev} (curse)
Press: ? - help, Q - select action, (/) - cycle Shift-Dir - straight line, f/p - ice beast
Aim: an ice beast (severely wounded, 68% to hit)
You shoot a sling bullet.
The sling bullet barely misses the ice beast.
The ice beast hits you. The ice beast freezes you!
* * * LOW HITPOINT WARNING * * *
Fire: o) +0 sling "Scepticism of Ashenzari" {Alch, Dev} (curse)
Press: ? - help, Q - select action, (/) - cycle Shift-Dir - straight line, f/p - ice beast
Aim: an ice beast (severely wounded, 67% to hit)
You shoot a sling bullet. The sling bullet hits the ice beast.
The ice beast is severely wounded.
The ice beast hits you.
* * * LOW HITPOINT WARNING * * *
The ice beast freezes you!
You die...

* *#. * , +. #...# #.# , ,,
. ,#. #...# #.# * , ,.. #.
#...# #.# ... ~##
#...######.###### , .... ~ {
# #...#...........# ,..... ~
~*#
#...#...........#####......
*#
#...#...........hY.........
#...#...........#####......*
*
..)?.................,.....
#####################, ....
~~ * *####~F~ #########
##+###
#<#.†...##########...#.
#.#.###.#............#.
#.#.# #.#............#.


You could see an ice beast.

Vanquished Creatures
  A steam dragon (D:6)
  A black bear (D:5)
  A centaur (D:5)
  4 scorpions
  An orc priest (D:6)
  3 hounds
  A jelly (D:6)
  A human skeleton (D:3)
  5 iguanas
  An orc wizard (D:6)
  3 sleepcaps
  Robin (D:2)
  6 gnolls
  6 adders
  2 white imps (D:5)
  3 worms
  7 dart slugs
  16 orcs
  9 ball pythons
  5 endoplasms
  2 giant cockroaches
  13 goblins
  8 hobgoblins
  10 jackals
  7 quokkas
  6 bats
  3 frilled lizards
  7 kobolds
  A kobold skeleton (D:3)
  6 rats
140 creatures vanquished.

Notes
Turn   | Place    | Note
-------+----------+-------------------------------------------
     0 | D:1      | Midn8 the Deep Elf Shapeshifter began the quest for the
                  | Orb.
     0 | D:1      | Reached XP level 1. HP: 11/11 MP: 3/3
    41 | D:1      | Reached skill level 1 in Stealth
   212 | D:1      | Reached XP level 2. HP: 16/16 MP: 4/4
   671 | D:1      | Reached XP level 3. HP: 19/20 MP: 5/5
  1093 | D:2      | Found a faded altar of an unknown god.
  1195 | D:2      | Reached skill level 1 in Ranged Weapons
  1301 | D:2      | Noticed Robin
  1344 | D:2      | Killed Robin
  1345 | D:2      | Reached skill level 2 in Ranged Weapons
  1345 | D:2      | Reached XP level 4. HP: 13/24 MP: 6/6
  1722 | D:2      | Reached skill level 3 in Ranged Weapons
  1993 | D:3      | Found a broken altar of Ashenzari.
  2056 | D:3      | Noticed a human
  2057 | D:3      | Found a runed translucent door.
  2061 | D:3      | Reached skill level 4 in Ranged Weapons
  2061 | D:3      | Reached XP level 5. HP: 28/28 MP: 7/7
  2109 | D:3      | Found a basalt altar of Yredelemnul.
  2125 | D:3      | Became a worshipper of Ashenzari the Shackled
  2311 | D:3      | Found a bloodstained altar of Trog.
  2605 | D:3      | Reached skill level 5 in Ranged Weapons
  3206 | D:4      | Found a staircase to the Ecumenical Temple.
  3237 | D:4      | Reached skill level 6 in Ranged Weapons
  3264 | D:4      | Reached XP level 6. HP: 27/33 MP: 8/8
  3286 | D:4      | Found Wushruc's Jewellery Emporium.
  3339 | D:4      | Reached skill level 1 in Fighting
  3889 | D:4      | Noticed Pikel
  4008 | D:4      | Found a shimmering altar of Xom.
  4068 | D:4      | Reached skill level 5 in Dodging
  4089 | D:4      | Noticed a wyvern
  4099 | D:4      | Reached * piety under Ashenzari
  4101 | D:5      | Entered Level 5 of the Dungeon
  4105 | D:5      | Reached XP level 7. HP: 40/40 MP: 9/9
  4531 | D:5      | Reached skill level 7 in Ranged Weapons
  4574 | D:5      | Gained mutation: You occasionally lose the ability to read
                  | scrolls when taking damage. [potion of mutation]
  4574 | D:5      | Gained mutation: You are vulnerable to cold. (rC-) [potion
                  | of mutation]
  4574 | D:5      | Gained mutation: You are frail. (-10% HP) [potion of
                  | mutation]
  4575 | D:5      | Lost mutation: You are frail. (-10% HP) [potion of
                  | mutation]
  4575 | D:5      | Lost mutation: You are vulnerable to cold. (rC-) [potion of
                  | mutation]
  4575 | D:5      | Lost mutation: You occasionally lose the ability to read
                  | scrolls when taking damage. [potion of mutation]
  4575 | D:5      | Gained mutation: You have large cloven feet. [potion of
                  | mutation]
  4576 | D:5      | Lost mutation: You have large cloven feet. [potion of
                  | mutation]
  4576 | D:5      | Gained mutation: You are weak. (Str -2) [potion of
                  | mutation]
  4576 | D:5      | Gained mutation: You occasionally lose the ability to drink
                  | potions when taking damage. [potion of mutation]
  4576 | D:5      | Gained mutation: You have an increased reservoir of magic.
                  | (+10% MP) [potion of mutation]
  4577 | D:5      | Lost mutation: You are weak. (Str -2) [potion of mutation]
  4577 | D:5      | Lost mutation: You occasionally lose the ability to drink
                  | potions when taking damage. [potion of mutation]
  4577 | D:5      | Lost mutation: You have an increased reservoir of magic.
                  | (+10% MP) [potion of mutation]
  4577 | D:5      | Gained mutation: You expend magic power (3 MP) to
                  | strengthen your wands. [potion of mutation]
  4731 | D:5      | Reached skill level 8 in Ranged Weapons
  5005 | D:6      | Noticed a steam dragon
  5257 | D:6      | Reached ** piety under Ashenzari
  5514 | D:6      | Found a runed translucent door.
  5656 | D:6      | Reached XP level 8. HP: 45/45 MP: 10/10
  5731 | D:6      | Reached skill level 9 in Ranged Weapons
  5858 | D:6      | HP: 1/45 [ice beast (4)]
  5858 | D:6      | Mangled by an ice beast

Illustrated notes

Levels and vault maps discovered:
D:1:      dpeg_arrival_shelter, layout_loops_ring
D:2:      layout_basic, shapermc_ecumenical_altar_mp_vishouse, st_stairs_12,
          minmay_surrounded, uniq_robin
D:3:      layout_loops_corners, trog_butcher_becter, nicolae_ashenzari_skybound,
          dk_yredelemnul_ordeal
D:4:      layout_rooms, grunt_temple_overflow_lords_of_destruction,
          lemuel_tele_altar, temple_doors_e, serial_shops, nicolae_shop_crystal,
          uniq_pikel, uniq_grinder
D:5:      layout_rooms
D:6:      layout_basic, ebering_ghost_sewer_f

Skill      XL: |  1  2  3  4  5  6  7  8 |
---------------+-------------------------+-----
Stealth        | 2 3 |  3.0
Dodging        | 3 4 5 |  5.0
Ranged Weapons | 2 4 6 8 9 |  9.7
Fighting       | 2 |  2.0
Shapeshifting  | 4 |  4.9
Unarmed Combat | |  2.4

Action                     |  1- 3 |  4- 6 |  7- 9 || total
---------------------------+-------+-------+-------++-------
  Melee: Unarmed           |   110 |       |       ||   110
         Punch             |     2 |       |       ||     2
   Fire: Sling             |    25 |   315 |   147 ||   487
 Invoke: Curse Item        |       |     2 |     1 ||     3
    Use: Scroll            |     1 |     7 |       ||     8
         Potion            |     1 |     1 |     4 ||     6
   Stab: Sleeping          |     4 |       |       ||     4
         Distracted        |     1 |       |       ||     1
 Armour: Ring mail         |    29 |    18 |    22 ||    69
         Animal skin       |     1 |    11 |       ||    12
         Skin              |     1 |       |       ||     1
  Dodge: Dodged            |    98 |    96 |    55 ||   249
         Form:             |       |       |     2 ||     2
         Beast             |       |       |     2 ||     2

Table legend: (Time is in decaauts)
 A = Elapsed time spent in this place.
 B = Non-inter-level travel time spent in this place.
 C = Inter-level travel time spent in this place.
 D = Time resting spent in this place.
 E = Time spent auto-exploring this place.
 F = Levels seen in this place.
 G = Mean time per level.
                   A        B        C        D        E       F      G
               +--------+--------+--------+--------+--------+-----+--------+
         Total |   5958 |   5711 |    247 |   1424 |   2752 |   6 |  993.0 |
       Dungeon |   5958 |   5711 |    247 |   1424 |   2752 |   6 |  993.0 |
               +--------+--------+--------+--------+--------+-----+--------+

Top non-repeatable levels by time:
     D:3: 1252 daAuts
     D:2: 1060 daAuts
     D:5: 1008 daAuts
     D:4: 971 daAuts
     D:1: 896 daAuts
     D:6: 768 daAuts
